 Dungeon Crawl Stone Soup version 0.31.0-11-ge490571c62 (webtiles) character file.

Game seed: 13593730118293043636

7542 Zeia the Fighter (level 10, -11/103 HPs)
             Began as a Minotaur Fighter on Jan 26, 2024.
             Was an Initiate of Gozag.
             Mangled by a purple ugly thing (16 damage)
             ... on level 11 of the Dungeon.
             The game lasted 00:21:27 (8053 turns).

Zeia the Fighter (Minotaur Fighter)                 Turns: 8053, Time: 00:21:28

Health: -11/103    AC: 14    Str: 26    XL:     10   Next: 96%
Magic:  9/9        EV: 12    Int:  5    God:    Gozag
Gold:   159        SH:  9    Dex:  9    Spells: 9/9 levels left

rFire   . . .        a - +1 war axe
rCold   . . .        c - +0 buckler
rNeg    . . .        v - +0 plate armour
rPois   .            y - +0 hat
rElec   .            A - +0 cloak
rCorr   .            m - +0 pair of gloves
SInv    .            (no boots)
Will    .....        s - amulet of reflection Stlth
                     o - +5 ring of evasion
HPRegen 0.37/turn    (no ring)
MPRegen 0.11/turn

%: reflection
@: brilliant
A: horns 2, retaliatory headbutt
a: Renounce Religion, Potion Petition, Call Merchant, Bribe Branch


You were on level 11 of the Dungeon.
You worshipped Gozag.
Gozag was aware of your devotion.
You visited 1 branch of the dungeon, and saw 11 of its levels.

You collected 1390 gold pieces.
You paid 1231 gold pieces to Gozag.

Inventory:

Hand Weapons
 a - a +1 war axe (weapon)
Armour
 c - a +0 buckler (worn)
 m - a +0 pair of gloves (worn)
 v - a +0 plate armour (worn)
 w - a +0 helmet
 y - a +0 hat (worn)
 A - a +0 cloak (worn)
Jewellery
 g - a ring of protection from fire
 h - a ring of willpower
 i - an amulet of the acrobat
 o - a +5 ring of evasion (left hand)
 s - an amulet of reflection (around neck)
Wands
 C - a wand of iceblast (5)
 J - a wand of mindburst (17)
 K - a wand of charming (7)
Scrolls
 e - 2 scrolls of amnesia
 p - 7 scrolls of identify {unknown}
 r - 4 scrolls of poison {unknown}
 t - 6 scrolls of teleportation {unknown}
 u - a scroll of noise {unknown}
 x - a scroll of vulnerability {unknown}
 E - 2 scrolls of fear {unknown}
 G - a scroll of fog {unknown}
 I - a scroll of enchant weapon
Potions
 b - a potion of degeneration {unknown}
 f - a potion of cancellation {unknown}
 j - 3 potions of magic {unknown}
 k - a potion of mutation {unknown}
 n - a potion of invisibility
 q - 2 potions of attraction
 z - a potion of ambrosia {unknown}
 D - a potion of haste {unknown}
 F - a potion of berserk rage {unknown}
 H - 2 potions of brilliance {unknown}


   Skills:
 + Level 14.2 Fighting
 + Level 14.0 Axes
 + Level 5.4 Armour
 - Level 3.6 Shields


You had 9 spell levels left.
You didn't know any spells.
Your spell library contained the following spells:

 Spells                   Type           Power      Damage    Failure   Level
 Shock                    Conj/Air       0%         1d3       100%        1
 Scorch                   Fire           0%         2d5       100%        2
 Swiftness                Air            0%         N/A       100%        3
 Airstrike                Air            0%         2d(0-16)  100%        4
 Cause Fear               Hex            0%         N/A       100%        4
 Flame Wave               Conj/Fire      0%         2d4       100%        4
 Summon Blazeheart Golem  Fire/Summ      0%         N/A       100%        4
 Fireball                 Conj/Fire      0%         3d3       100%        5
 Summon Cactus Giant      Summ           0%         N/A       100%        6
 Orb of Destruction       Conj           0%         9d5       100%        7
 Spellforged Servitor     Conj/Summ      0%         N/A       100%        7
 Dragon's Call            Summ           0%         N/A       100%        9


Dungeon Overview and Level Annotations

Branches:
Dungeon (12/15)            Temple (0/1) D:7             Orc (0/2) D:12
   Lair: D:8-11

Altars:
Ashenzari
Gozag
Hepliaklqana
Kikubaaqudgha
Okawaru
Zin

Annotations:
D:12 Frances


Innate Abilities, Weirdness & Mutations

You have a pair of horns on your head.
You reflexively headbutt those who attack you in melee.


Message History

The vampire mosquito bites you but does no damage. x3
The vampire mosquito closely misses you.
You closely miss the vampire mosquito.
The vampire mosquito is almost destroyed.
You slash the vampire mosquito! You hit the vampire mosquito.
The vampire mosquito bites you.
* * * LOW HITPOINT WARNING * * *
The vampire mosquito draws strength from your injuries!
You block the vampire mosquito's attack.
The vampire mosquito is distracted by your dazzling golden aura.
A purple ugly thing comes into view.
The vampire mosquito bites you but does no damage.
The vampire mosquito closely misses you.
Okay, then.
Okay, then.
You feel better.
The purple ugly thing gurgles horribly!
The vampire mosquito closely misses you.
You furiously retaliate!
You headbutt the vampire mosquito.
You destroy the vampire mosquito!
You block the vampire mosquito's attack.
Your Axes skill increases to level 14!
You slash the vampire mosquito!
You destroy the vampire mosquito!
You barely miss the vampire mosquito.
The vampire mosquito bites you but does no damage.
The vampire mosquito closely misses you.
You miss the vampire mosquito. You headbutt the vampire mosquito.
You destroy the vampire mosquito!
You float gracefully downwards.
Your enlightenment fades.
You barely miss the purple ugly thing.
Your headbutt misses the purple ugly thing.
The purple ugly thing punches you!
* * * LOW HITPOINT WARNING * * *
You see here 8 gold pieces.
The purple ugly thing attacks as it pursues you!
The purple ugly thing punches you!
You die...
Your body crumbles into a pile of gold.

## ... . .... ..
.....##########.#
#...$$........#
#...$.$.u@....#
#..##########.# #


You could see a purple ugly thing.

Vanquished Creatures
  A two-headed ogre (D:11)
  A boulder beetle (D:7)
  An ugly thing (D:12)
  A gargoyle (D:11)
  Psyche (D:8)
  A troll (D:12)
  A slime creature (D:12)
  2 wyverns (D:8)
  4 hogs (D:7)
  A human (D:7)
  5 yaks (D:11)
  5 vampire mosquitoes
  An acid dragon (D:11)
  A water moccasin (D:8)
  3 black bears
  2 ogres
  4 centaurs
  A phantom (D:5)
  Blork the orc (D:5)
  3 bullfrogs
  4 scorpions
  4 howler monkeys
  Crazy Yiuf (D:5)
  4 bombardier beetles
  5 hounds
  A jelly (D:5)
  2 orc priests (D:11)
  2 sleepcaps
  5 iguanas
  Natasha (thrice) (D:3)
  6 orc wizards
  4 gnolls
  2 adders (D:6)
  2 white imps
  8 ufetubi
  A dart slug (D:1)
  A ribbon worm (D:2)
  14 orcs
  7 endoplasms
  6 giant cockroaches
  2 goblins
  9 hobgoblins
  7 jackals
  3 quokkas
  6 ball pythons
  6 bats
  12 frilled lizards
  11 kobolds
  5 rats
183 creatures vanquished.

Vanquished Creatures (others)
  A kobold brigand (D:6)
  A bombardier beetle (D:6)
2 creatures vanquished.

Grand Total: 185 creatures vanquished

Notes
Turn   | Place    | Note
-------+----------+-------------------------------------------
     0 | D:1      | Zeia the Minotaur Fighter began the quest for the Orb.
     0 | D:1      | Reached XP level 1. HP: 19/19 MP: 0/0
   151 | D:1      | Reached XP level 2. HP: 25/27 MP: 1/1
   566 | D:2      | Reached XP level 3. HP: 32/34 MP: 2/2
   615 | D:2      | Found an opulent altar of Gozag.
  1223 | D:2      | Identified the +5 ring mail of the Journeyman {Fly rPois
                  | rF- Stlth+}
  1334 | D:2      | Became a worshipper of Gozag Ym Sagoz the Greedy
  1523 | D:3      | Reached skill level 5 in Fighting
  1523 | D:3      | Reached XP level 4. HP: 36/42 MP: 3/3
  1527 | D:3      | Noticed Natasha
  1535 | D:3      | Killed Natasha
  1739 | D:3      | Noticed Natasha
  1744 | D:3      | Killed Natasha
  1745 | D:3      | Reached XP level 5. HP: 48/48 MP: 4/4
  1877 | D:3      | Found a glowing silver altar of Zin.
  1958 | D:3      | Noticed Natasha
  1965 | D:3      | Killed Natasha
  1966 | D:3      | Reached skill level 5 in Axes
  2206 | D:4      | Found an opulent altar of Gozag.
  2214 | D:4      | Found a broken altar of Ashenzari.
  2235 | D:4      | Noticed a black bear
  2259 | D:4      | Killed a black bear
  2260 | D:4      | Reached XP level 6. HP: 58/58 MP: 5/5
  2438 | D:4      | Found an iron altar of Okawaru.
  3042 | D:5      | Entered Level 5 of the Dungeon
  3042 | D:5      | Noticed Blork the orc
  3049 | D:5      | Killed Blork the orc
  3095 | D:5      | Reached XP level 7. HP: 64/66 MP: 6/6
  3725 | D:5      | Found a runed translucent door.
  3726 | D:5      | Noticed Crazy Yiuf
  4048 | D:5      | Killed Crazy Yiuf
  4212 | D:6      | Reached XP level 8. HP: 75/75 MP: 7/7
  4657 | D:6      | Found an ancient bone altar of Kikubaaqudgha.
  4733 | D:6      | Reached skill level 10 in Fighting
  5078 | D:7      | Found a staircase to the Ecumenical Temple.
  5159 | D:7      | Reached skill level 10 in Axes
  5468 | D:7      | Reached XP level 9. HP: 86/86 MP: 8/8
  5682 | D:7      | Noticed a boulder beetle
  5704 | D:7      | Killed a boulder beetle
  6409 | D:8      | Noticed Psyche
  6413 | D:8      | Killed Psyche
  6566 | D:8      | Reached XP level 10. HP: 78/100 MP: 9/9
  7032 | D:8      | Found a hazy altar of Hepliaklqana.
  7302 | D:9      | Noticed a two-headed ogre
  7302 | D:9      | You fall into a shaft and drop 3 floors!
  7338 | D:12     | Noticed a gargoyle
  7349 | D:12     | Noticed a cyclops
  7522 | D:11     | Noticed a two-headed ogre
  7533 | D:11     | Killed a two-headed ogre
  7606 | D:12     | Noticed a centaur warrior
  7746 | D:11     | Noticed a gargoyle
  7752 | D:11     | Killed a gargoyle
  7867 | D:12     | Noticed a cyclops
  7877 | D:12     | Noticed a cyclops
  7878 | D:12     | Noticed a cyan ugly thing
  7928 | D:12     | HP: 5/102 [something (1)]
  7955 | D:12     | Noticed Frances
  7979 | D:12     | Killed a cyan ugly thing
  7980 | D:12     | Reached skill level 5 in Armour
  8016 | D:12     | HP: 3/103 [cyclops/large rock (22)]
  8045 | D:11     | Noticed a purple ugly thing
  8049 | D:11     | HP: 4/103 [purple ugly thing (13)]
  8053 | D:11     | Mangled by a purple ugly thing

Illustrated notes

Levels and vault maps discovered:
D:1:      ncdulo_wetmaze, layout_rooms, st_stairs_7
D:2:      layout_basic, basic_altar
D:3:      layout_loops_cross, zin_treasury, serial_bayou_pond_b, uniq_natasha
D:4:      layout_cave_pods, grunt_temple_overflow_open,
          okawaru_metal_pillars_1_2, serial_park, serial_park_square3
          [serial_park_minivault_5x5_2], serial_park_avenue1,
          serial_park_square2
D:5:      layout_rooms, grunt_decor_resistance, chequers_serial_rivers_micro_e,
          minmay_lizard_king, uniq_crazy_yiuf_cottage, uniq_blork_the_orc
D:6:      layout_rooms, amcnicky_altar_gilded
D:7:      layout_layer_cave, minmay_temple_entry_statues, grunt_livestock
D:8:      layout_loops_cross, nzn_hepliaklqana_mist_gate,
          serial_library_hellmonk_hallway_a, uniq_psyche
D:9:      layout_basic, mainiacjoe_overflow_catch_the_wave, dk_vineyard_1
D:11:     layout_long_grid, uniq_grum
D:12:     layout_roguey, david_orc_2, gauntlet_entry_generic,
          chequers_serial_rivers_micro_d, minmay_fractal_squares_diagonal_5,
          uniq_frances

Skill      XL: |  1  2  3  4  5  6  7  8  9 10 |
---------------+-------------------------------+-----
Fighting       | 4 5 6 7 8 10 12 14 | 14.2
Axes           | 3 4 5 6 8 10 12 14 | 14.0
Armour         | 5 |  5.4
Shields        | |  3.6

Action                     |  1- 3 |  4- 6 |  7- 9 | 10-12 || total
---------------------------+-------+-------+-------+-------++-------
  Melee: War axe           |    67 |   104 |   219 |   113 ||   503
         Headbutt          |     7 |    14 |    40 |    25 ||    86
 Invoke: Potion Petition   |       |       |       |     2 ||     2
    Use: Potion            |       |     1 |       |     7 ||     8
         Scroll            |       |       |     5 |     3 ||     8
   Stab: Distracted        |       |       |     1 |     1 ||     2
 Armour: Scale mail        |    47 |    70 |       |       ||   117
         Plate armour      |       |     3 |   139 |   146 ||   288
  Dodge: Dodged            |    44 |    51 |    89 |    75 ||   259
  Block: Buckler           |    15 |    33 |   106 |    73 ||   227
         Reflection        |       |       |    11 |     3 ||    14
